[Event "*** Titled Tuesday Blitz"]
[Site "Chess.com"]
[Date "2020.05.26"]
[Round "10"]
[White "Evgeny81"]
[Black "kingmonkey2006"]
[Result "1-0"]
[WhiteElo "2719"]
[BlackElo "2581"]
[TimeControl "180+1"]
[EndTime "12:03:57 PDT"]
[Termination "Evgeny81 won by checkmate"]

1. e4 c5 2. Nf3 d6 3. d4 cxd4 4. Nxd4 Nf6 5. Nc3 a6 6. Bg5 e6 7.
f4 Nbd7 8. Qf3 h6 9. Bh4 e5 10. Nde2 exf4 11. Bxf6 Nxf6 12. Nxf4 Be7 13. Bc4 O-O 14.
Nce2 b5 15. Bb3 Bb7 16. Ng3 Qa5+ 17. c3 b4 18. O-O bxc3 19. bxc3 Rac8 20. Ng6 Rfe8 21.
Nf5 Bxe4 22. Ngxe7+ Rxe7 23. Nxe7+ Kf8 24. Qg3 Rxc3 25.
Qxd6 Qc5+ 26. Qxc5 Rxc5 27. Rae1 Kxe7 28. Rxf6 Kxf6 29.
Rxe4 g5 30. Rc4 Ra5 31. Rc6+ Ke5 32. Rxh6 f5 33. Kf2 g4 34. g3 Ra3 35. Ke3 f4+ 36. gxf4+ Kf5 37. Rh5+ Kf6 38. Ke4 a5 39. Rh6+ Kg7 40.
Ra6 g3 41. hxg3 Kf8 42. g4 Ke7 43. g5 Kd7 44. g6 Kc7 45. g7 Rxb3 46. axb3 Kb7 47.
Rxa5 Kb6 48. Ra4 Kb7 49. Ke5 Kc7 50. Kf6 Kc6 51. Kf7 Kd7 52. f5 Kd6 53. f6 Ke5 54.
Kg6 Ke6 55. f7 Kd7 56. f8=B Ke8 57. Ba3 Kd7 58. Rc4 Ke6 59. b4 Kd5 60. Rc1 Ke4 61. b5 Kf3 62. b6 Kf4 63. b7 Kg4 64.
b8=B Kf3 65. g8=B Kg4 66. Rc3 Kh4 67. Bb2 Kg4 68. Bc1 Kh4 69. Bd2 Kg4 70. Ba7 Kh4 71.
Bg1 Kg4 72. Bh2 Kh4 73. Be1+ Kg4 74. Be6# 1-0

[Event "*** Titled Tuesday Blitz"]
[Site "Chess.com"]
[Date "2020.05.26"]
[Round "10"]
[White "CrazyMartian"]
[Black "PIwan"]
[Result "0-1"]
[WhiteElo "2301"]
[BlackElo "2500"]
[TimeControl "180+1"]
[EndTime "12:03:57 PDT"]
[Termination "PIwan won by resignation"]

1. d4 d5 2. Bf4 e6 3. e3 Bd6 4.
Bg3 c5 5. c3 Qc7 6. Nf3 Nd7 7.
Nbd2 Ngf6 8. Bd3 O-O 9. O-O Bxg3 10. hxg3 e5 11. dxe5 Nxe5 12. Nxe5 Qxe5 13. Qf3 Bg4 14. Qf4 Qxf4 15. gxf4 Bd7 16. Rfe1 Bc6 17. Nf3 Nd7 18. Ne5 Nxe5 19. fxe5 Rae8 20. f4 f6 21. exf6 Rxf6 22. g3 Rh6 23. Rad1 b6 24. Rd2 d4 25. e4 dxc3 26. bxc3 Kf8 27. e5 Rh1+ 28. Kf2 Rh2+ 29.
Ke3 Rxd2 30. Kxd2 Rd8 31. Ke3 h6 32. g4 Ke7 33. Be4 Bxe4 34. Kxe4 Rd2 35. f5 Rxa2 36. Rd1 Ra4+ 37. Kf3 Ra3 38. Rd3 c4 39. Re3 Ra1 40. Re4 b5 41. e6 Rd1 42. Kf4 Rf1+ 43. Ke5 Rd1 44. g5 hxg5 45. Rg4 Re1+ 46. Kd5 Kf6 47.
Rg2 Kxf5 48. Rf2+ Kg6 49. Kd6 a5 50. e7 b4 51. Kd7 b3 52. e8=Q+ Rxe8 53. Kxe8 a4 54.
Kd7 a3 55. Kc6 a2 56. Rf1 b2 0-1

[Event "*** Titled Tuesday Blitz"]
[Site "Chess.com"]
[Date "2020.05.26"]
[Round "10"]
[White "Walter_White_Poland"]
[Black "czasnaszachy"]
[Result "0-1"]
[WhiteElo "2188"]
[BlackElo "2337"]
[TimeControl "180+1"]
[EndTime "12:03:58 PDT"]
[Termination "czasnaszachy won by checkmate"]

1. e4 c5 2. c4 Nc6 3. Nc3 e5 4. d3 d6 5. f4 g6 6. Nf3 Bg7 7. Be2 Nge7 8. O-O O-O 9. Rb1 f5 10. g3 Nd4 11. Be3 Nec6 12. Qd2 a5 13. Nd5 Be6 14.
Rf2 Nxe2+ 15. Qxe2 Nd4 16. Qd2 Bxd5 17. cxd5 a4 18. fxe5 dxe5 19. Nxd4 exd4 20. Bg5 Qd6 21. Rbf1 fxe4 22. Rxf8+ Rxf8 23. Rxf8+ Qxf8 24. dxe4 Qf3 25.
Qf4 Qd1+ 26. Kg2 Qe2+ 27. Kh3 Qh5+ 28. Qh4 Qe2 29. Qg4 Qf1+ 30. Kh4 h6 31. Bxh6 Bxh6 32. Qxg6+ Bg7 33. e5 Qe2 34. e6 Qxh2+ 35. Kg4 Qe2+ 36. Kh4 Qh2+ 37. Kg4 Qh6 38. Qxh6 Bxh6 39. d6 Kf8 40. Kf3 Ke8 41. Ke4 Bf8 42. d7+ Ke7 43. g4 Bg7 44. g5 b5 45. Kd3 c4+ 46. Kc2 d3+ 47. Kd2 Bxb2 48. g6 Bg7 49. Ke3 Bf6 50. Kd2 b4 51. Kc1 c3 52. Kd1 c2+ 53. Kd2 Bg5+ 54.
Kxd3 c1=Q 55. g7 Qd1+ 56. Ke4 Qe1+ 57. Kf5 Qf1+ 58. Kg4 Qg1+ 59. Kh5 Bf6 60. g8=Q Qxg8 61. Kh6 Qg7+ 62. Kh5 Qg5# 0-1

[Event "*** Titled Tuesday Blitz"]
[Site "Chess.com"]
[Date "2020.05.26"]
[Round "10"]
[White "NormWeinstein"]
[Black "Mbneu"]
[Result "1/2-1/2"]
[WhiteElo "2364"]
[BlackElo "2240"]
[TimeControl "180+1"]
[EndTime "12:03:59 PDT"]
[Termination "Game drawn - insufficient material"]

1. e4 c5 2. Nf3 Nf6 3. Nc3 d5 4. Bb5+ Bd7 5. Bxd7+ Qxd7 6. e5 Ne4 7. O-O Nxc3 8.
dxc3 e6 9. Bg5 Nc6 10. Re1 Be7 11. Bxe7 Qxe7 12. c4 Rd8 13. cxd5 Rxd5 14. Qe2 O-O 15. h3 Rfd8 16. c3 h6 17. Qc4 Qc7 18. Qe4 Ne7 19.
Re2 Qc6 20. Rae1 Rd1 21. Qc4 Qd5 22. Qa4 a6 23. Qa5 Nc6 24. Qb6 Rd7 25. Qb3 Qxb3 26. axb3 Na5 27. b4 cxb4 28. cxb4 Nc6 29. Re4 Rxe1+ 30.
Nxe1 Rd2 31. b3 Rb2 32. Re3 Nxb4 33. Nf3 Nd5 34. Rd3 b5 35. g3 Rc2 36. Kg2 Rc3 37. Rd1 Rxb3 38. Ra1 Nc7 39. Nd4 Rd3 40. Nc6 Rc3 41.
Nd4 Rc4 42. Nb3 Kf8 43. Rd1 Ke7 44. Na5 Rc2 45. Rd6 b4 46. Nc6+ Kf8 47. Nxb4 Rc4 48. Nc6 a5 49. Nxa5 Rc5 50. Nc6 f6 51. exf6 gxf6 52.
Nb8 Ne8 53. Nd7+ Ke7 54. Nxc5 Kxd6 55. Ne4+ Ke7 56. f4 Ng7 57. Kf3 Nf5 58. g4 Nd4+ 59. Kg3 f5 60. Nf2 fxg4 61. hxg4 Kf6 62. Nd3 Nc6 63. Kf3 e5 64. fxe5+ Nxe5+ 65. Nxe5 Kxe5 66. Kg3 Kf6 67. Kh4 Kg6 68. Kh3 Kg5 69. Kg3 h5 70. gxh5 Kxh5 1/2-1/2

[Event "*** Titled Tuesday Blitz"]
[Site "Chess.com"]
[Date "2020.05.26"]
[Round "10"]
[White "druskacik"]
[Black "124chess"]
[Result "1/2-1/2"]
[WhiteElo "2603"]
[BlackElo "2753"]
[TimeControl "180+1"]
[EndTime "12:04:00 PDT"]
[Termination "Game drawn - insufficient material"]

1. e4 d6 2. d4 Nf6 3. Nc3 e5 4. dxe5 dxe5 5. Qxd8+ Kxd8 6. f3 Be6 7. Bd2 Nbd7 8.
Nge2 c6 9. Nc1 Kc7 10. Nd3 Bd6 11. O-O-O Nc5 12. Be3 Nxd3+ 13. Bxd3 Nd7 14. Rd2 Bc5 15. Bxc5 Nxc5 16. Rhd1 a5 17. Bf1 b5 18. Kb1 b4 19. Ne2 a4 20. Nc1 Rhd8 21. Rxd8 Rxd8 22. Rxd8 Kxd8 23. Nd3 Nxd3 24. Bxd3 c5 25. a3 Kc7 26. c3 c4 27. Be2 b3 28. Kc1 Kd6 29. Kd2 Kc5 30.
Ke3 g5 31. g3 f6 32. h4 h6 33. f4 exf4+ 34. gxf4 gxh4 35. Bf3 Bc8 36. Bg2 Bb7 37. Bh3 Bc6 38. Be6 Kd6 39. Bxc4 h3 40. Kf2 f5 41. Kg3 fxe4 42. Kxh3 e3 43. Kg3 Ke7 44. f5 Kf6 45. Kf4 Bd7 46. Be2 Bxf5 47. Kxe3 Bd7 48. Kf4 Bc6 49. Bg4 Be8 50. Be2 Bc6 51. Ba6 Ke6 52.
Kg4 Ke5 53. Kh5 Ke4 54. c4 Kd3 55. Bb5 Bf3+ 56. Kxh6 Kc2 57. Bxa4 Kxb2 58. Bxb3 Kxb3 59. Kg5 Bc6 60. a4 Kxc4 61. a5 Kb5 62. a6 Kxa6 1/2-1/2

[Event "*** Titled Tuesday Blitz"]
[Site "Chess.com"]
[Date "2020.05.26"]
[Round "10"]
[White "Artem_Sadovsky"]
[Black "AnthonyWirig"]
[Result "1/2-1/2"]
[WhiteElo "2539"]
[BlackElo "2686"]
[TimeControl "180+1"]
[EndTime "12:04:00 PDT"]
[Termination "Game drawn - insufficient material"]

1. Nf3 c5 2. g3 g6 3. Bg2 Bg7 4. O-O Nc6 5. c3 d5 6. d4 cxd4 7. cxd4 Bg4 8. Nc3 Bxf3 9. Bxf3 e6 10. e3 Nge7 11. b3 O-O 12. Ba3 Re8 13. Rc1 Nf5 14. Na4 Bf8 15. Bxf8 Rxf8 16. Nc5 Qe7 17. Qd2 Nd6 18. Rc2 a5 19. Rfc1 Nb4 20. Rb2 b6 21. Na4 b5 22. Nc5 Na6 23. Rbc2 b4 24.
Nxa6 Rxa6 25. Rc7 Qf6 26. R1c6 Rxc6 27. Rxc6 Qxf3 28. Rxd6 Rc8 29. Ra6 Qe4 30. Rxa5 Rc2 31. f3 Qf5 32. g4 Rxd2 33. gxf5 gxf5 34. Ra4 f4 35. exf4 Rxd4 36. Kf2 Rd2+ 37. Kg3 Kg7 38. h4 h5 39. Rxb4 Rxa2 40. Rb5 Kf6 41. Rb8 Rb2 42. Rb4 Kf5 43. Rb5 Kg6 44. Rb8 Kg7 45. Rb4 Rb1 46. Rb5 Kf6 47. Rb6 Kf5 48. Rb5 f6 49. b4 Rb3 50.
Rb8 d4 51. b5 e5 52. fxe5 fxe5 53. b6 Kg6 54. Re8 Rxb6 55. Rxe5 Rd6 56. Rg5+ Kh6 57. Kf2 d3 58. Ke1 Rf6 59. Kf2 Rd6 60. Rg1 Rd4 61. Ke3 Rxh4 62. Kxd3 Ra4 63. Ke3 h4 64. Rg4 Rxg4 65.
fxg4 Kg5 66. Kf3 h3 67. Kg3 h2 68. Kxh2 Kxg4 1/2-1/2

[Event "*** Titled Tuesday Blitz"]
[Site "Chess.com"]
[Date "2020.05.26"]
[Round "10"]
[White "OparinGrigoriy"]
[Black "BocharovD"]
[Result "1-0"]
[WhiteElo "2913"]
[BlackElo "2836"]
[TimeControl "180+1"]
[EndTime "12:04:01 PDT"]
[Termination "OparinGrigoriy won by resignation"]

1. Nf3 c5 2. c4 Nc6 3. d4 cxd4 4. Nxd4 Nf6 5. Nc3 e6 6. e4 Bb4 7. Nxc6 bxc6 8. Bd3 e5 9. O-O Bc5 10. Rb1 a5 11.
Na4 Bd4 12. Re1 d6 13. Be3 Bxe3 14. Rxe3 c5 15. Nc3 O-O 16. Be2 Bb7 17. Qd2 Qe7 18.
Rd1 Rfd8 19. Bf3 a4 20. Rd3 Ne8 21. Nb5 Ba6 22. Be2 Bb7 23. Qe3 h6 24. h3 Bc6 25.
Nxd6 Rxd6 26. Rxd6 Nxd6 27. Qxc5 Bxe4 28. Qxd6 Qg5 29. Bf1 Rc8 30. Qd7 Rb8 31. Rd2 Bc6 32.
Qd6 Rc8 33. c5 e4 34. Rd4 e3 35. Rg4 exf2+ 36. Kxf2 Qf5+ 37. Kg1 Be4 38. Rf4 Qh7 39. Qd7 Rf8 40. c6 Qg6 41. c7 Qb6+ 42. Kh2 Bb7 43. Bc4 Qg6 44. Qg4 Qd6 45. Qg3 Qxc7 46. b3 axb3 47.
Bxb3 Qc5 48. Qf2 Qxf2 49. Rxf2 g6 50. Rf6 Kg7 51. Rb6 Be4 52. Rb4 f5 53. Rd4 Rb8 54. Rd7+ Kf6 55. Rd6+ Kg5 56. g3 Rb7 57. h4+ Kg4 58.
Bd1+ Bf3 59. Rd4+ 1-0

[Event "*** Titled Tuesday Blitz"]
[Site "Chess.com"]
[Date "2020.05.26"]
[Round "10"]
[White "francyIM"]
[Black "2L8IWUN"]
[Result "1-0"]
[WhiteElo "2709"]
[BlackElo "2556"]
[TimeControl "180+1"]
[EndTime "12:04:01 PDT"]
[Termination "francyIM won by resignation"]

1. c4 e6 2. d4 d5 3. Nc3 Nf6 4. Nf3 Nbd7 5. cxd5 exd5 6. Bg5 c6 7. e3 Be7 8. Bd3 Nh5 9. Bxe7 Qxe7 10. O-O Ndf6 11. Re1 O-O 12. Ne5 g6 13. g4 Ng7 14. f4 Ne4 15. g5 f6 16. gxf6 Nxf6 17. Qf3 Bf5 18.
e4 dxe4 19. Bxe4 Nxe4 20. Nxe4 Rad8 21. Ng3 Qb4 22. Ne2 Ne6 23. Qc3 Qb6 24. Nc4 Qc7 25. Ne5 Rd5 26. Qe3 Rfd8 27. Rad1 Qd6 28. Nc4 Qb4 29.
b3 Qf8 30. Rd2 Qg7 31. Ne5 c5 32. Rc1 Nxd4 33. Nxd4 Rxd4 34. Rxd4 cxd4 35. Qf3 g5 36. Kf2 g4 37. Qe2 d3 38. Qe3 d2 39. Rd1 Qc7 40.
Rxd2 Rxd2+ 41. Qxd2 Qc5+ 42. Qe3 Qxe3+ 43. Kxe3 Kf8 44.
Kd4 Ke7 45. Nc4 Bb1 46. a3 Bc2 47. b4 h5 48. Ne3 Bb3 49. Ke5 Be6 50. f5 Bd7 51.
Nd5+ Kf7 52. Kf4 Bc6 53. Nc3 Kf6 54. Ne2 Bf3 55. Ng3 h4 56. Nf1 Bd1 57. Ne3 Be2 58. Nxg4+ Kf7 59. Ne5+ Kg7 60. Ng4 Bf1 61. Kg5 h3 62.
Ne5 b6 63. f6+ Kf8 64. Kg6 Bb5 65. Kf5 a5 66. Kg4 axb4 67. axb4 Bc4 68. Kxh3 Be6+ 69.
Kh4 b5 70. Kg5 Bd5 71. h4 1-0

[Event "*** Titled Tuesday Blitz"]
[Site "Chess.com"]
[Date "2020.05.26"]
[Round "10"]
[White "GMKrikor"]
[Black "Zarikovs1999"]
[Result "0-1"]
[WhiteElo "2672"]
[BlackElo "2363"]
[TimeControl "180+1"]
[EndTime "12:04:01 PDT"]
[Termination "Zarikovs1999 won by resignation"]

1. Nf3 Nf6 2. c4 e6 3. Nc3 d5 4. e3 b6 5. b3 Bb7 6. Bb2 Be7 7. cxd5 exd5 8. d4 c5 9. Bd3 O-O 10. O-O Ne4 11. Rc1 Nd7 12. dxc5 Ndxc5 13. Bb1 Bf6 14. Nd4 Rc8 15. f3 Nxc3 16. Bxc3 g6 17. Qd2 Re8 18.
Rfe1 Bg7 19. Nb5 a6 20. Bxg7 Kxg7 21. Nd4 Qg5 22. b4 Ne6 23. Rxc8 Bxc8 24. f4 Qf6 25. Nf3 d4 26. exd4 Rd8 27. Qe3 Nxd4 28. Ne5 Bf5 29. Bxf5 Nxf5 30. Qf2 Qd6 31. a3 Nd4 32. h3 a5 33. bxa5 bxa5 34. Re3 Qc5 35. Kh2 Nf5 36. Rf3 Qxf2 37. Rxf2 Rd4 38. g3 Ra4 39. Rf3 Nd4 40. Rd3 Nb5 41. Rd7 Rxa3 42. Rxf7+ Kg8 43. Rd7 Ra2+ 44. Kg1 a4 45. h4 a3 46. h5 Ra1+ 47. Kg2 a2 48. Rd8+ Kg7 49. Ra8 gxh5 50. Ra5 Nc3 51. Ra7+ Kf6 52. Ra6+ Kf5 53.
Nf3 Rb1 54. Nd4+ Ke4 55. Nc2 Rb2 56. Kh3 Rxc2 57. Ra5 Rc1 58. Re5+ Kd3 59. f5 a1=Q 60. f6 Rh1+ 0-1

[Event "*** Titled Tuesday Blitz"]
[Site "Chess.com"]
[Date "2020.05.26"]
[Round "10"]
[White "lachesisQ"]
[Black "BillieKimbah"]
[Result "1-0"]
[WhiteElo "3159"]
[BlackElo "2873"]
[TimeControl "180+1"]
[EndTime "12:04:05 PDT"]
[Termination "lachesisQ won by resignation"]

1. e4 c5 2. Nf3 e6 3. d4 cxd4 4. Nxd4 Nc6 5. Nc3 Qc7 6. a3 a6 7.
Be3 b5 8. Nxc6 Qxc6 9. Bd3 Bb7 10. f4 Bc5 11. Qe2 Rc8 12. g4 Ne7 13. f5 O-O 14. Rf1 f6 15. g5 exf5 16. Bxc5 Qxc5 17. gxf6 Rxf6 18. O-O-O f4 19. e5 f3 20. Qe1 Re6 21. Qh4 Ng6 22. Bxg6 Rxg6 23. Rxd7 Bc6 24. Rd8+ Rxd8 25.
Qxd8+ Qf8 26. Qd4 h6 27. Nd5 Kh8 28. Qe4 Rg2 29. Rxf3 Qd8 30. Rd3 Rg1+ 31. Kd2 Qg5+ 32. Kc3 a5 33. e6 Rg4 34. Qe3 Bxd5 35. Qxg5 Rxg5 36. e7 Bc6 37. Rd6 Rc5+ 38. Kd2 Re5 39. Rxc6 Rxe7 40. Rc5 Rb7 41. b3 Kh7 42. h4 Kg6 43.
h5+ Kf6 44. Ke3 Ke6 45. Ke4 Kd6 46. Kd4 Rb8 47. b4 axb4 48. axb4 Rb7 49. c3 Ke6 50. Ke4 Kd6 51. Kd4 Ke6 52. Rc6+ Kf5 53. Rg6 Rc7 54. Rb6 Rc4+ 55. Kd3 Rc8 56. Rxb5+ Kg4 57. Rc5 Rd8+ 58. Ke4 Rg8 59. b5 g5 60. hxg6 Rxg6 61. Rc6 Rg5 62.
b6 h5 63. c4 h4 64. b7 Rg8 65. Rc8 Rg7 66. b8=Q 1-0

[Event "*** Titled Tuesday Blitz"]
[Site "Chess.com"]
[Date "2020.05.26"]
[Round "10"]
[White "UCantHandleDenker"]
[Black "Roman_Ovetchkin"]
[Result "1-0"]
[WhiteElo "2471"]
[BlackElo "2590"]
[TimeControl "180+1"]
[EndTime "12:04:05 PDT"]
[Termination "UCantHandleDenker won by resignation"]

1. Nf3 d5 2. g3 Bg4 3. Bg2 Nd7 4. O-O c6 5. d3 e6 6. Nbd2 Bc5 7. h3 Bh5 8. Qe1 Ne7 9. e4 O-O 10. Kh1 b5 11. e5 a5 12. Ng1 Qc7 13. f4 Rae8 14. g4 Bg6 15. Ne2 f6 16. d4 Bb6 17. c3 fxe5 18. fxe5 c5 19. Nf3 Nc6 20. Be3 cxd4 21. Nexd4 Ncxe5 22. Nxb5 Nxf3 23. Rxf3 Qb8 24. Rxf8+ Nxf8 25. a4 Bf7 26. Bd4 e5 27. Bxb6 Qxb6 28. Qd2 e4 29.
Re1 h5 30. gxh5 Qf6 31. Qe3 Re5 32. Rf1 Rf5 33. Rxf5 Qxf5 34. h6 g5 35. Nd4 Qf4 36. Qe2 Nd7 37. Nc6 Kh7 38. b4 axb4 39. Nxb4 Qc1+ 40.
Qf1 Qf4 41. a5 Kxh6 42. a6 Nb6 43. a7 Na8 44. Nc6 Be6 45. Nd4 Bd7 46. Qa6+ Kg7 47.
Ne2 Qe3 48. Qb7 Qxe2 49. Qxd7+ Kf6 50. Qd6+ Kf5 51. Qxd5+ Kf4 52. Qd6+ Ke3 53. Qg3+ Kd2 54. Qxg5+ Kc2 55. Qf5 Qe1+ 56. Kh2 Kxc3 57. Qxe4 Qxe4 58. Bxe4 Nc7 59. h4 Kd4 60. Bg2 Ke5 61. Kg3 Kf6 62.
Kf4 Kg6 63. Bf3 Kf6 64. h5 Kg7 65. Ke5 Kh6 66. Kf6 Kh7 67. Ke7 Kh6 68. Kd7 1-0

[Event "*** Titled Tuesday Blitz"]
[Site "Chess.com"]
[Date "2020.05.26"]
[Round "10"]
[White "Tall-guy"]
[Black "CarlssonLudvig"]
[Result "1/2-1/2"]
[WhiteElo "2155"]
[BlackElo "2494"]
[TimeControl "180+1"]
[EndTime "12:04:07 PDT"]
[Termination "Game drawn by repetition"]

1. e4 e5 2. Nf3 Nc6 3. d4 exd4 4.
Bc4 Nf6 5. O-O Nxe4 6. Re1 d5 7. Bxd5 Qxd5 8. Nc3 Qh5 9. Nxe4 Be6 10. Bg5 Bd6 11.
Nxd6+ cxd6 12. Bf4 O-O-O 13. Nxd4 Qxd1 14. Raxd1 Nxd4 15. Rxd4 d5 16. Re3 Kd7 17. c4 Rc8 18. Red3 Rhe8 19. cxd5 Bf5 20. Rd1 Re4 21. f3 Rxd4 22. Rxd4 Rc2 23.
Rd2 Rxd2 24. Bxd2 Kd6 25. Bc3 g6 26. Kf2 Kxd5 27. Ke3 Bb1 28. a3 Kc4 29. g3 Bf5 30. Kf4 h5 31. g4 Bc2 32. gxh5 gxh5 33. Kg5 Bd1 34. f4 Kd3 35. Kf6 Bb3 36. Kg5 Bd1 37. f5 Ke4 38. f6 Be2 39. Kh6 Kd5 40. Kg7 Ke6 41. Kh6 Bd1 42. Kg5 Be2 43. Kf4 b6 44. Ke3 Bd1 45. Kf4 Bc2 46. Kg5 Bg6 47. Kf4 Kd5 48. Ke3 Kc4 49. Kf4 Kd3 50.
h4 Ke2 51. Kg5 Ke3 52. Kh6 Kf4 53. Kg7 Kg4 54. Be1 Kf5 55. Bf2 Ke4 56. Be1 Kd3 57.
Bg3 Kc2 58. Be5 Kb3 59. Bc3 a5 60. Be5 b5 61. Bc3 b4 62. axb4 axb4 63. Be5 Kc2 64. Kf8 Kb3 65. Ke7 Kc4 66. Kd6 Kb5 67. Kd5 b3 68. Kd4 Kc6 69. Kc3 Bc2 70. Bd4 Kd5 71. Be3 Ke6 72. Bg5 Kf5 73. Kd4 Kg4 74. Kc3 Bg6 75. Kd4 Bc2 76. Kc3 Kf5 77. Kd4 Kg6 78. Kc3 Kf5 1/2-1/2

[Event "*** Titled Tuesday Blitz"]
[Site "Chess.com"]
[Date "2020.05.26"]
[Round "10"]
[White "Quaternitychess"]
[Black "GOGIEFF"]
[Result "0-1"]
[WhiteElo "2813"]
[BlackElo "2911"]
[TimeControl "180+1"]
[EndTime "12:04:08 PDT"]
[Termination "GOGIEFF won by checkmate"]

1. e4 c5 2. b3 Nf6 3. e5 Nd5 4. Bb2 g6 5. Qf3 Nc7 6. h4 Nc6 7. h5 g5 8. h6 Ne6 9. Bc4 Qc7 10. Bxe6 dxe6 11. Qe3 Rg8 12. Nf3 Rg6 13. g4 Bd7 14. Na3 O-O-O 15. O-O-O f6 16. Kb1 a6 17. Qxc5 b6 18. Qe3 Nb4 19. c4 Bc6 20. d4 Qb7 21.
Rh3 Be4+ 22. Ka1 f5 23. Nxg5 fxg4 24. Rh4 Bf3 25. Nxf3 Qxf3 26. Qxf3 gxf3 27. Bc3 Nc6 28. Rdh1 Rg2 29. Rf4 Rxf2 30. Kb1 Rg2 31. Nc2 f2 32. Rf1 Rg3 33. Kb2 Bxh6 34. R4xf2 Bg5 35. Rf3 Rg2 36.
R1f2 Rxf2 37. Rxf2 h5 38. Rg2 Bf4 39. Rg7 Rh8 40. Rf7 Bg5 41. d5 Nd8 42. Rg7 Bh6 43. Rxe7 h4 44. d6 h3 45. Rc7+ Kb8 46. Nb4 h2 47. Nxa6+ Ka8 48. Rc8+ Kb7 49. Rc7+ Ka8 50. Rc8+ Ka7 51. Rc7+ Nb7 52. c5 h1=Q 53. Nb4 Qc1# 0-1

[Event "*** Titled Tuesday Blitz"]
[Site "Chess.com"]
[Date "2020.05.26"]
[Round "10"]
[White "GMSrinath"]
[Black "Escanor89"]
[Result "1-0"]
[WhiteElo "2802"]
[BlackElo "2565"]
[TimeControl "180+1"]
[EndTime "12:04:09 PDT"]
[Termination "GMSrinath won on time"]

1. Nf3 Nf6 2. c4 g6 3. b3 Bg7 4. Bb2 O-O 5. g3 d6 6. Bg2 c5 7. O-O e5 8. e3 Re8 9. d4 e4 10. Ne1 Qe7 11. Nc3 Bf5 12. Nc2 Nc6 13. a3 Rad8 14. b4 b6 15. Qd2 h5 16. Rae1 h4 17. f3 hxg3 18. hxg3 exf3 19. Bxf3 Qd7 20. dxc5 bxc5 21.
bxc5 Ne5 22. c6 Nxf3+ 23. Rxf3 Qxc6 24. Nd4 Qxc4 25. Nxf5 gxf5 26. Rxf5 Qg4 27. Qf2 Re6 28. Rf3 Rb8 29. Ba1 Rf8 30. Kg2 Ne4 31. Nxe4 Rxe4 32. Bxg7 Qxg7 33. Rd1 Re6 34. Rd4 Rfe8 35. Qd2 Rb8 36.
Rff4 Rb6 37. Rg4 Rg6 38. Rxg6 Qxg6 39. Qe2 Kf8 40. a4 Rc6 41. Rc4 Rxc4 42. Qxc4 Qe6 43. Qd4 a5 44. g4 Ke7 45. Kf3 Kf8 46. Qh8+ Ke7 47. Qd4 Kf8 48. Kf4 Ke7 49. Qa7+ Kf6 50. Qxa5 Qc4+ 51. Kg3 d5 52. Qd8+ Kg6 53. Qd6+ Kg7 54.
Qe5+ Kg6 55. Qd4 Qb3 56. a5 Qa3 57. Qb6+ Kg7 58. g5 d4 59. Qxd4+ Kg6 60. Qf6+ 1-0

[Event "*** Titled Tuesday Blitz"]
[Site "Chess.com"]
[Date "2020.05.26"]
[Round "10"]
[White "Fortitudine"]
[Black "kingofthenil"]
[Result "0-1"]
[WhiteElo "2317"]
[BlackElo "2451"]
[TimeControl "180+1"]
[EndTime "12:04:10 PDT"]
[Termination "kingofthenil won by resignation"]

1. d4 Nf6 2. Nc3 c5 3. Nf3 cxd4 4. Qxd4 Nc6 5. Qh4 d5 6. Bg5 d4 7. O-O-O e5 8. e3 d3 9. Bxd3 Bd7 10. Bf5 Be7 11. Bxd7+ Nxd7 12. Bxe7 Qxe7 13. Qxe7+ Nxe7 14. Rd5 Nxd5 15. Nxd5 Rc8 16. Rd1 f6 17. Nh4 Rc5 18.
Nf5 Kf7 19. Nc3 Nb6 20. Nd6+ Ke6 21. Nxb7 Rc7 22. Na5 Nc4 23. Nxc4 Rxc4 24. f3 Rb8 25. Ne4 Rbc8 26. c3 f5 27. Nd6 R4c6 28. Nxc8 Rxc8 29. Kc2 Rc7 30. Rd2 h5 31. b4 e4 32. f4 Re7 33.
c4 Rc7 34. Kc3 a5 35. a3 axb4+ 36. axb4 h4 37. Rd5 Ra7 38. Re5+ Kf6 39. g3 h3 40. g4 Ra3+ 41. Kd4 Rd3+ 42. Kc5 Rxe3 43. Rxf5+ Ke6 44. Re5+ Kf6 45. Kd4 Re2 46. Rxe4 Rxh2 47. b5 Rd2+ 48. Kc3 Rd1 49. Re3 h2 50. Rh3 h1=Q 51.
Rxh1 Rxh1 52. Kd4 Ke6 53. Kc5 Kd7 54. Kd5 Rd1+ 55. Ke5 Rc1 56. Kd5 Rd1+ 57. Ke5 Rc1 58. Kd5 Rf1 59. Ke5 Re1+ 60. Kd5 Rg1 61. g5 Rf1 62.
Ke5 Re1+ 63. Kd5 Rd1+ 64. Ke5 Rc1 65. Kd5 Rb1 66. Ke5 Rb4 67. Kd5 Rb1 68. Ke5 Rd1 69. f5 Re1+ 70. Kd5 Rg1 71. f6 gxf6 72. gxf6 Rg5+ 73. Kd4 Rf5 74. f7 Rxf7 75. Kc5 Kc7 76. Kb4 Rf4 77. Kc5 Rf5+ 78. Kd4 Kb6 79. Ke4 Rh5 80.
Kd4 Rh4+ 81. Kd5 Rh5+ 82. Kd4 Rg5 83. Kd3 Kc5 84. b6 Kxb6 85. Kd4 Kc6 86. Ke4 Kc5 87. Kf4 Rg1 88. Ke3 Rc1 89. Kd2 Rxc4 0-1

[Event "*** Titled Tuesday Blitz"]
[Site "Chess.com"]
[Date "2020.05.26"]
[Round "10"]
[White "Alexandercs432"]
[Black "Chuchofrio1"]
[Result "0-1"]
[WhiteElo "2123"]
[BlackElo "2268"]
[TimeControl "180+1"]
[EndTime "12:04:14 PDT"]
[Termination "Chuchofrio1 won on time"]

1. e4 e5 2. Nf3 Nc6 3. Bb5 a6 4. Ba4 Nf6 5. O-O Be7 6. Re1 b5 7.
Bb3 O-O 8. c3 d5 9. exd5 Nxd5 10. Nxe5 Nxe5 11. Rxe5 c6 12. d4 Bd6 13. Re1 Qh4 14. g3 Qh3 15. Be3 Bg4 16. Qd3 Bf3 17. Qf1 Qh5 18. Nd2 Bg4 19. a4 f5 20. Bxd5+ cxd5 21. f4 bxa4 22. Rxa4 Rfe8 23. Qf2 Re6 24. Qg2 Rae8 25.
Qxd5 Kh8 26. Rxa6 Rxe3 27. Rxe3 Rxe3 28. Ra8+ Re8 29. Qc6 Bb8 30. Qb7 Re1+ 31. Nf1 Re8 32. Rxb8 h6 33. Qa8 Rxb8 34. Qxb8+ Kh7 35. Qe5 Qf7 36. Ne3 Bh3 37. d5 Qd7 38. g4 Qa7 39.
Qxf5+ Kg8 40. Qe6+ Kh8 41. Qe8+ Kh7 42. Qe4+ Kh8 43. Qe8+ Kh7 44. Qe4+ Kg8 45. Kf2 Qa2 46. Qe8+ Kh7 47. Qe4+ Kh8 48. Qe8+ Kh7 49. Qe4+ Kg8 50.
Qe6+ Kf8 51. Nf5 Qxb2+ 52. Ke3 Qxc3+ 53. Ke2 Bxg4+ 54. Kf2 Qf3+ 55. Kg1 Qd1+ 56. Kg2 Qc2+ 57. Kg3 Qxf5 58. Qd6+ Kg8 59. Qb8+ Kh7 60. d6 h5 61. h3 Qd3+ 62. Kh4 Qxh3+ 63. Kg5 Qd3 64. Qe8 Qf5+ 65. Kh4 Qf6+ 0-1

[Event "*** Titled Tuesday Blitz"]
[Site "Chess.com"]
[Date "2020.05.26"]
[Round "10"]
[White "PlayChessSimple"]
[Black "Caterpiller35"]
[Result "0-1"]
[WhiteElo "2495"]
[BlackElo "2316"]
[TimeControl "180+1"]
[EndTime "12:04:15 PDT"]
[Termination "Caterpiller35 won on time"]

1. e4 c5 2. Nf3 Nc6 3. d4 cxd4 4. Nxd4 e5 5. Ne2 Nf6 6. Nbc3 Bc5 7. Ng3 h5 8. Bg5 Qb6 9. Qd2 Ng4 10. O-O-O Qa5 11. Bc4 Bd4 12. Nf5 O-O 13. f3 Bxc3 14.
bxc3 Qa3+ 15. Kb1 d5 16. fxg4 Bxf5 17. Bxd5 Bxg4 18. Rdf1 Rac8 19. Bf6 Kh7 20. Qg5 g6 21. h3 Be6 22. g4 Bxd5 23. exd5 Nb4 24. cxb4 Qxb4+ 25. Kc1 Rxc2+ 26. Kxc2 Rc8+ 27. Kd1 Qd4+ 28. Qd2 Qa4+ 29.
Ke1 Qe4+ 30. Kf2 Rc2 31. Bg5 Rxd2+ 32. Bxd2 Qxd5 33. Rd1 Qxa2 34. gxh5 gxh5 35. Rhe1 Qd5 36. Bc3 Qc5+ 37. Re3 f6 38. Rd7+ Kg6 39. Rxb7 a5 40. Rb1 a4 41. Rg1+ Kf5 42. Rg3 Ke6 43. Rf3 a3 44.
Kg2 a2 45. Re1 Qd5 46. Ba1 e4 47. Rfe3 f5 48. Kg1 Qd2 49. Kh1 Qf2 50. Bd4 Qh4 51. Ba1 Kd5 52. Rd1+ Kc4 53. Rde1 Qg5 54. Rc1+ Kd5 55.
Rd1+ Ke6 56. Rde1 Qf4 0-1

[Event "*** Titled Tuesday Blitz"]
[Site "Chess.com"]
[Date "2020.05.26"]
[Round "10"]
[White "XiaoKangZhong"]
[Black "Konek-Gorbunok"]
[Result "1-0"]
[WhiteElo "2442"]
[BlackElo "2251"]
[TimeControl "180+1"]
[EndTime "12:04:15 PDT"]
[Termination "XiaoKangZhong won by resignation"]

1. e4 c5 2. c3 d5 3. exd5 Qxd5 4. d4 Nc6 5. Nf3 e5 6. dxe5 Qxd1+ 7. Kxd1 Bg4 8. Kc2 Bxf3 9. gxf3 Nxe5 10. Na3 O-O-O 11. Bf4 f6 12. Bh3+ Kb8 13. Nc4 Ne7 14. Bxe5+ fxe5 15.
Nxe5 Rd5 16. Rhe1 Ng6 17. Nf7 Rg8 18. Re8+ Kc7 19. Rae1 Rh5 20. Rc8+ Kb6 21. Re6+ Ka5 22. b4+ cxb4 23. cxb4+ Kxb4 24. Re4+ Ka5 25. Bd7 Rc5+ 26. Kb3 Rxc8 27. Bxc8 Bc5 28. Be6 Re8 29. f4 Nf8 30. f5 g6 31. Re5 gxf5 32. Rxc5+ Kb6 33. Re5 Rxe6 34. Rxf5 Nd7 35. Rh5 Re7 36. Rxh7 Ne5 37. Ng5 Rxh7 38. Nxh7 Ng4 39. f4 Nxh2 40. f5 Ng4 41. f6 Nxf6 42. Nxf6 Kc5 43. Ne4+ Kd4 44. Nf2 a5 45. Nd1 b5 46. Nc3 Kc5 47. Nb1 a4+ 48.
Ka3 Kc4 49. Nd2+ Kc3 50. Ne4+ Kc4 51. Nd6+ Kc5 52. Nb7+ Kc4 53. Nd8 Kc5 54. Nf7 Kc4 55.
Ng5 Kc5 56. Nf3 Kc4 57. Ne1 Kc5 58. Nc2 Kc4 59. Nb4 Kc3 60. Na6 Kc4 61. Kb2 b4 62.
Nc7 a3+ 63. Kc2 b3+ 64. axb3+ Kb4 65. Nd5+ Kc5 66. Nc3 Kb4 67. Na2+ Kb5 68. Kc3 Kc5 69.
b4+ Kb5 70. Kb3 Kb6 71. Kxa3 1-0